 Dungeon Crawl Stone Soup version 0.32-a0-361-g289a535e89 (webtiles) character file.

Game seed: 6997691064079701821

1144 cforsyth the Trooper (level 8, -1/62 HPs)
             Began as a Djinni Fire Elementalist on Feb 18, 2024.
             Killed from afar by an orc wizard (6 damage)
             ... with a magic dart
             ... on level 6 of the Dungeon.
             The game lasted 00:08:01 (5687 turns).

cforsyth the Trooper (Djinni Fire Elementalist)     Turns: 5687, Time: 00:08:02

Health: -1/62      AC:  6    Str:  7    XL:     8   Next: 64%
Gold:   354        EV: 12    Int: 19    God:
                   SH:  0    Dex: 14

rFire   + + .        (no weapon)
rCold   . . .        (no shield)
rNeg    + . .        a - +0 robe
rPois   ∞            t - +2 helmet
rElec   .            w - scarf {repulsion}
rCorr   .            l - +0 pair of gloves
SInv    .            (boots unavailable)
Will    .....        (no amulet)
Stlth   ++           C - ring of protection from cold
HPRegen 0.30/turn    N - ring of positive energy
MPRegen 0.00/turn

%: repel missiles, infuse magic (-2 HP)
@: flying
A: sickness immunity, fire resistance 2, cold vulnerability 1, float, innate
caster, HP casting, extra vitality 1
a: no special abilities


You were on level 6 of the Dungeon.
You visited 1 branch of the dungeon, and saw 6 of its levels.
You also visited: Sewer.

You collected 354 gold pieces.


Innate Abilities, Weirdness & Mutations

You are immune to sickness and miasma.
You are immune to poison.
Your flesh is very heat resistant. (rF++)
You are vulnerable to cold. (rC-)
You float through the air rather than walking.
You learn spells naturally, not from books.
Your magical power is your life essence.
You have superior vitality. (+4 MHP)


   Skills:
 + Level 6.8 Fighting
 - Level 2.1 Dodging
 - Level 1.5 Stealth
 + Level 6.0 Spellcasting
 + Level 6.0 Conjurations
 + Level 6.0 Hexes
 + Level 6.0 Summonings
 + Level 6.0 Necromancy
 + Level 6.0 Translocations
 + Level 6.0 Fire Magic
 + Level 6.0 Ice Magic
 + Level 6.0 Air Magic
 + Level 6.0 Earth Magic
 + Level 6.0 Alchemy


You knew the following spells:

 Your Spells              Type           Power      Damage    Failure   Level
a - Jinxbite              Hex            56%        N/A       1%          2
e - Freeze                Ice            100%       1d10      1%          1
f - Foxfire               Conj/Fire      100%       2x1d9     1%          1
r - Inner Flame           Hex/Fire       28%        N/A       2%          3
s - Searing Ray           Conj           56%        2d6       1%          2
X - Scorch                Fire           56%        2d7       1%          2
Y - Volatile Blastmotes   Fire/Tloc      56%        2d14      2%          3
Z - Flame Wave            Conj/Fire      28%        2d9       9%          4
Your spell library was empty.

Inventory:

Missiles
 k - 2 throwing nets {=f}
Armour
 a - a +0 robe (worn)
 l - a +0 pair of gloves (worn)
 t - a +2 helmet (worn)
 w - a scarf of repulsion (worn)
Jewellery
 c - a ring of ice
 C - a ring of protection from cold (left hand)
 N - a ring of positive energy (right hand)
Wands
 u - a wand of charming (11)
Scrolls
 h - 2 scrolls of poison {unknown}
 p - a scroll of immolation
 r - a scroll of noise {unknown}
 v - 2 scrolls of teleportation {@r2}
Potions
 b - a potion of degeneration {unknown}
 d - a potion of cancellation {unknown}
 e - a potion of enlightenment {unknown}
 f - 3 potions of haste {@q3}
 g - 2 potions of invisibility {unknown}
 i - a potion of berserk rage {!q}
 j - 2 potions of ambrosia {unknown}
 m - 2 potions of heal wounds {@q2}
 n - a potion of attraction {unknown}
 o - a potion of resistance {unknown}
 q - a potion of experience {unknown}
 s - a potion of curing {unknown}

Dungeon Overview and Level Annotations

Branches:
Dungeon (6/15)             Temple (0/1) D:4           Sewer (visited)

Altars:
Nemelex Xobeh
Ru

Annotations:
D:3 2 transporters, Scrimshaw's ghost, amateur GnHW

#######
##...v@##
##....§☼v##
#....o☼§..#
#....○§§§.#
#......o..#
#.........#
###.........#
..........##
)###.........#


You could see an orc wizard (ally target) and a friendly orc (charmed).


Message History

t - Shout!
Orders for allies: a - Attack new target. p - Attack previous target. r - Retreat! s - Stop attacking. g - Guard the area. f - Follow me.
Anything else - Cancel.
Gang up on whom?
Press: ? - help, Dir - move target, f - orc wizard, p - orc
Aim: an orc wizard, wielding a +1 dagger of draining and wearing a +0 robe Attack!
Unknown command.
Casting: Scorch (safe; 1% risk of failure)
Confirm with . or Enter, or press ? or * to list all spells.
You conjure some foxfire!
* * * LOW HITPOINT WARNING * * *
Your orc closely misses the orc wizard.
The foxfire hits the orc wizard.
The orc wizard is moderately wounded.
The foxfire hits the orc wizard.
The orc wizard is severely wounded.
Your orc hits the orc wizard but does no damage.
Unknown command.
Unknown command.
Unknown command.
Casting: Foxfire (safe; 1% risk of failure)
Confirm with . or Enter, or press ? or * to list all spells.
You conjure some foxfire!
* * * LOW HITPOINT WARNING * * *
The orc wizard gestures at you while chanting.
The magic dart hits you.
You die...

Skill      XL: |  1  2  3  4  5  6  7  8 |
---------------+-------------------------+-----
Fighting       | 1 2 3 4 5 6 |  6.8
Spellcasting   | 4 5 6 |  6.0
Conjurations   | 4 5 6 |  6.0
Hexes          | 4 5 6 |  6.0
Summonings     | 4 5 6 |  6.0
Necromancy     | 4 5 6 |  6.0
Translocations | 4 5 6 |  6.0
Fire Magic     | 4 5 6 |  6.0
Ice Magic      | 4 5 6 |  6.0
Air Magic      | 4 5 6 |  6.0
Earth Magic    | 4 5 6 |  6.0
Alchemy        | 4 5 6 |  6.0
Dodging        | |  2.1
Stealth        | |  1.5

Action                     |  1- 3 |  4- 6 |  7- 9 || total
---------------------------+-------+-------+-------++-------
  Melee: Unarmed           |     1 |       |     1 ||     2
   Cast: Foxfire           |    36 |   251 |   187 ||   474
         Scorch            |     2 |     7 |     7 ||    16
         Inner Flame       |       |       |     7 ||     7
  Evoke: Wand              |       |       |     2 ||     2
    Use: Scroll            |       |     7 |       ||     7
 Armour: Robe              |     3 |    18 |    15 ||    36
  Dodge: Dodged            |     4 |    18 |     2 ||    24
         Repelled          |       |     1 |       ||     1

Levels and vault maps discovered:
D:1:      dpeg_arrival_stonehenge_8_columns, layout_basic, serial_glass,
          glass_columns_a, glass_columns_a, minmay_pentomino_q2
D:2:      minmay_razor_zed, layout_loops_ring, basic_altar,
          hellmonk_ecumenical_altar_leap_of_faith,
          minmay_randomly_rotated_circles
D:3:      layout_loops_ring, nicolae_overflow_crystal_walls,
          mainiacjoe_sewer_entry_somewhere_in_here_1, gammafunk_ghost_arena,
          nicolae_twisty_statue_hallways
D:4:      layout_rooms, mainiacjoe_overflow_surrounded_room,
          minmay_temple_entry_proselytizer
D:5:      layout_cave_pods, nicolae_vehumet_altar_sigil,
          mainiacjoe_overflow_cross_hatched, feat_on_display, uniq_menkaure
D:6:      layout_rooms, zin_purify, mainiacjoe_overflow_alcove_1,
          enter_ossuary_3, hex_medium

Notes
Turn   | Place    | Note
-------+----------+-------------------------------------------
     0 | D:1      | cforsyth the Djinni Fire Elementalist began the quest for
                  | the Orb.
     0 | D:1      | cforsyth set off with the following spells memorised:
                  | Foxfire, Scorch, Volatile Blastmotes, Inner Flame, Flame
                  | Wave.
     0 | D:1      | Reached XP level 1. HP: 15/15 MP: 0/0
   304 | D:1      | Reached XP level 2. HP: 20/22 MP: 0/0
   307 | D:1      | Reached skill level 1 in Fighting
   903 | D:2      | Reached XP level 3. HP: 12/28 MP: 0/0
   903 | D:2      | Learned a level 1 spell: Freeze
   932 | D:2      | Reached skill level 2 in Fighting
   991 | D:2      | Reached XP level 4. HP: 24/33 MP: 0/0
  1504 | D:2      | Found a faded altar of an unknown god.
  1592 | D:2      | Reached skill level 3 in Fighting
  1592 | D:2      | Reached XP level 5. HP: 38/40 MP: 0/0
  1592 | D:2      | Learned a level 2 spell: Searing Ray
  1653 | D:2      | Reached skill level 4 in Spellcasting
  1653 | D:2      | Reached skill level 4 in Conjurations
  1653 | D:2      | Reached skill level 4 in Hexes
  1653 | D:2      | Reached skill level 4 in Summonings
  1653 | D:2      | Reached skill level 4 in Necromancy
  1653 | D:2      | Reached skill level 4 in Translocations
  1653 | D:2      | Reached skill level 4 in Fire Magic
  1653 | D:2      | Reached skill level 4 in Ice Magic
  1653 | D:2      | Reached skill level 4 in Air Magic
  1653 | D:2      | Reached skill level 4 in Earth Magic
  1653 | D:2      | Reached skill level 4 in Alchemy
  2314 | D:3      | Found a glowing drain.
  2369 | Sewer    | Entered a sewer
  2415 | Sewer    | Reached XP level 6. HP: 33/46 MP: 0/0
  2756 | Sewer    | Reached skill level 4 in Fighting
  2940 | D:3      | Found a transporter.
  2944 | D:3      | Noticed Scrimshaw's ghost (amateur GnHW)
  2972 | D:3      | Found a transporter.
  3015 | D:3      | Found a sacrificial altar of Ru.
  3594 | D:4      | Noticed a water moccasin
  3601 | D:4      | Killed a water moccasin
  3602 | D:4      | Reached XP level 7. HP: 39/53 MP: 0/0
  3602 | D:4      | Learned a level 2 spell: Jinxbite
  3703 | D:4      | Reached skill level 5 in Fighting
  3703 | D:4      | Reached skill level 5 in Spellcasting
  3703 | D:4      | Reached skill level 5 in Conjurations
  3703 | D:4      | Reached skill level 5 in Hexes
  3703 | D:4      | Reached skill level 5 in Summonings
  3703 | D:4      | Reached skill level 5 in Necromancy
  3703 | D:4      | Reached skill level 5 in Translocations
  3703 | D:4      | Reached skill level 5 in Fire Magic
  3703 | D:4      | Reached skill level 5 in Ice Magic
  3703 | D:4      | Reached skill level 5 in Air Magic
  3703 | D:4      | Reached skill level 5 in Earth Magic
  3703 | D:4      | Reached skill level 5 in Alchemy
  3842 | D:4      | Found a staircase to the Ecumenical Temple.
  4202 | D:4      | Reached XP level 8. HP: 55/61 MP: 0/0
  4256 | D:4      | Found a sparkling altar of Nemelex Xobeh.
  4497 | D:5      | Entered Level 5 of the Dungeon
  4757 | D:5      | Noticed Menkaure
  4762 | D:5      | Killed Menkaure
  4763 | D:5      | Reached skill level 6 in Fighting
  5680 | D:6      | HP: 5/62 [spore (5)]
  5681 | D:6      | Reached skill level 6 in Spellcasting
  5681 | D:6      | Reached skill level 6 in Conjurations
  5681 | D:6      | Reached skill level 6 in Hexes
  5681 | D:6      | Reached skill level 6 in Summonings
  5681 | D:6      | Reached skill level 6 in Necromancy
  5681 | D:6      | Reached skill level 6 in Translocations
  5681 | D:6      | Reached skill level 6 in Fire Magic
  5681 | D:6      | Reached skill level 6 in Ice Magic
  5681 | D:6      | Reached skill level 6 in Air Magic
  5681 | D:6      | Reached skill level 6 in Earth Magic
  5681 | D:6      | Reached skill level 6 in Alchemy
  5687 | D:6      | Killed from afar by an orc wizard

Vanquished Creatures
  Menkaure (D:5)
  A water moccasin (D:4)
  An orc warrior (D:6)
  A kobold brigand (Sewer)
  A gnoll sergeant (D:6)
  A scorpion (D:4)
  A bombardier beetle (D:4)
  2 orc priests (D:4)
  A sleepcap (D:5)
  3 iguanas (D:5)
  15 gnolls
  5 adders
  A river rat (D:3)
  4 ribbon worms
  6 dart slugs
  10 orcs
  9 endoplasms
  6 giant cockroaches
  6 goblins
  7 hobgoblins
  2 jackals (D:2)
  6 quokkas
  12 ball pythons
  8 bats
  3 frilled lizards
  21 kobolds
  7 rats
141 creatures vanquished.

Vanquished Creatures (collateral kills)
  9 foxfires (Sewer)
9 creatures vanquished.

Vanquished Creatures (others)
  772 foxfires
772 creatures vanquished.

Grand Total: 922 creatures vanquished

Table legend: (Time is in decaauts)
 A = Elapsed time spent in this place.
 B = Non-inter-level travel time spent in this place.
 C = Inter-level travel time spent in this place.
 D = Time resting spent in this place.
 E = Time spent auto-exploring this place.
 F = Levels seen in this place.
 G = Mean time per level.
                   A        B        C        D        E       F      G
               +--------+--------+--------+--------+--------+-----+--------+
         Total |   5685 |   5539 |    146 |    136 |   4492 |   7 |  812.1 |
       Dungeon |   5180 |   5034 |    146 |    136 |   4114 |   6 |  863.3 |
         Sewer |    504 |    504 |      0 |      0 |    378 |   1 |  504.0 |
               +--------+--------+--------+--------+--------+-----+--------+

Top non-repeatable levels by time:
     D:2: 1390 daAuts
     D:5: 1140 daAuts
     D:4: 910 daAuts
     D:1: 888 daAuts
     D:3: 801 daAuts
   Sewer: 504 daAuts
     D:6: 49 daAuts

Table legend:
 A = Non-vault XP
 B = Vault XP
 C = Vault XP percentage of total XP
 D = Non-vault monster count
 E = Vault monster count
 F = Vault count percentage of total count
                 A         B        C        D         E       F
            +---------+---------+-------+---------+---------+-------
      Total |    1166 |     469 |  28.7 |      86 |      55 |  39.0
            +---------+---------+-------+---------+---------+-------
        D:1 |      18 |       7 |  28.0 |       7 |       2 |  22.2
        D:2 |     122 |      69 |  36.1 |      19 |      19 |  50.0
        D:3 |      67 |      27 |  28.7 |      15 |       6 |  28.6
        D:4 |     515 |      42 |   7.5 |      30 |       1 |   3.2
        D:5 |     197 |     170 |  46.3 |      10 |       1 |   9.1
        D:6 |     247 |       0 |   0.0 |       5 |       0 |   0.0
      Sewer |       0 |     154 | 100.0 |       0 |      26 | 100.0
            +---------+---------+-------+---------+---------+-------
